 Dungeon Crawl Stone Soup version 0.30.1-11-g7821555f0a (webtiles) character file.

Game seed: 2453247903889925330

9691 monsoonserge the Slicer (level 11, -10/71 HPs)
             Began as a Djinni Venom Mage on Nov 25, 2023.
             Was a Priest of Ashenzari.
             Mangled by a skeletal warrior
             ... wielding a +0 glaive
              (16 damage)
             ... on level 11 of the Dungeon.
             The game lasted 00:44:53 (11031 turns).

monsoonserge the Slicer (Djinni Venom Mage)        Turns: 11031, Time: 00:44:53

Health: -10/71     AC: 18    Str:  7    XL:     11   Next: 79%
Gold:   1656       EV: 10    Int: 22    God:    Ashenzari [***...] SH: 11 Dex: 13

rFire   + + +        e - +6 rapier (distort)
rCold   x . .        v - +0 kite shield
rNeg    . . .        z - +4 ring mail of Ouranomancy {Self, Cun} (curse)
rPois   ∞            f - +0 helmet "Share My Ordeal" {Evo, Cun} (curse)
rElec   .            (no cloak)
rCorr   .            O - +0 pair of gloves of the Revealing Omen {Fort, Cun} (curse)
SInv    +            (boots unavailable)
Will    +....        (no amulet)
Stlth   ++           c - ring of Supernal Gnosis {AC+4, Fort, Self} (curse)
HPRegen 0.31/turn    s - ring of the Fated Yoke {rF+, Cun, Fort} (curse)
MPRegen 0.00/turn

%: clarity, infuse magic (-11 HP)
@: liquefying, flying, slowed movement, very slow
A: sickness immunity, fire resistance 2, cold vulnerability 1, float, innate
caster, HP casting, extra vitality 1
a: Renounce Religion, Curse Item, Shatter the Chains


You were on level 11 of the Dungeon.
You worshipped Ashenzari.
Ashenzari was most pleased with you.
You visited 2 branches of the dungeon, and saw 12 of its levels.
You also visited: Sewer.

You collected 1698 gold pieces.
You spent 42 gold pieces at shops.

Inventory:

Hand Weapons
 e - a +6 rapier of distortion (weapon)
Missiles
 m - 20 poisoned darts
 B - 2 throwing nets
 K - 6 curare-tipped darts
 L - 4 silver boomerangs
 S - 6 boomerangs (quivered)
Armour
 f - the cursed +0 helmet "Share My Ordeal" (worn) {Evo, Cun}
   (You found it on level 4 of the Dungeon)

   It has a curse which improves the following skills: Evocations: Evocations.
   Cunning:   Dodging and Stealth.
 v - a +0 kite shield (worn)
 z - the cursed +4 ring mail of Ouranomancy (worn) {Self, Cun}
   (You found it on level 4 of the Dungeon)

   It has a curse which improves the following skills: Introspection: Fighting
   and Spellcasting.
   Cunning:   Dodging and Stealth.
 O - the cursed +0 pair of gloves of the Revealing Omen (worn) {Fort, Cun}
   (You found it on level 7 of the Dungeon)

   It has a curse which improves the following skills: Fortitude: Armour and
   Shields.
   Cunning:   Dodging and Stealth.
 Q - a +2 ring mail of cold resistance
 R - a +2 robe of positive energy
Magical Staves
 M - a staff of cold
Jewellery
 c - the cursed ring of Supernal Gnosis (left hand) {AC+4, Fort, Self}
   (You found it on level 1 of the Dungeon)

   [ring of protection]

   AC:        It affects your AC (+4).
   It has a curse which improves the following skills: Fortitude: Armour and
   Shields.
   Introspection: Fighting and Spellcasting.
 k - a ring of positive energy
 s - the cursed ring of the Fated Yoke (right hand) {rF+, Cun, Fort}
   (You found it on level 3 of the Dungeon)

   [ring of protection from fire]

   rF:        It protects you from fire.
   It has a curse which improves the following skills: Cunning: Dodging and
   Stealth.
   Fortitude: Armour and Shields.
 H - the ring of Maac {+Blink rN+++ Will+ Str-4 Int+6}
   (You acquired it on level 9 of the Dungeon)

   [ring of intelligence]

   Str:       It affects your strength (-4).
   Int:       It affects your intelligence (+6).
   rN:        It renders you almost immune to negative energy.
   +Blink:    It lets you blink.
   Will:      It increases your willpower.
Wands
 j - a wand of digging (7)
 x - a wand of polymorph (11)
 A - a wand of light (4)
 D - a wand of charming (8)
 T - a wand of roots (8)
 V - a wand of flame (15)
Scrolls
 b - a scroll of magic mapping
 d - 2 scrolls of vulnerability
 i - 3 scrolls of immolation
 l - 8 scrolls of teleportation
 o - 5 scrolls of blinking
 p - 2 scrolls of fog
 u - 3 scrolls of fear
 w - 4 scrolls of silence
 y - a scroll of torment
 C - 2 scrolls of poison
 E - 2 scrolls of brand weapon
 N - a scroll of enchant armour
Potions
 a - 2 potions of haste
 g - 3 potions of attraction
 h - 2 potions of lignification
 n - a potion of cancellation
 q - 3 potions of invisibility
 r - a potion of brilliance
 t - 2 potions of heal wounds
 F - a potion of berserk rage
 G - 2 potions of mutation
 I - a potion of might
 J - a potion of resistance
 P - 4 potions of curing
 U - 2 potions of ambrosia


   Skills:
 - Level 1.5(3.0) Fighting
 * Level 9.2 Short Blades
 + Level 0.2 Throwing
 * Level 7.5(10.5) Armour
 - Level 4.6(8.0) Dodging
 - Level 2.3(5.0) Stealth
 * Level 8.2(11.2) Shields
 * Level 6.7(9.0) Spellcasting
 + Level 0.9(1.8) Evocations


You knew the following spells:

 Your Spells              Type           Power      Damage    Failure   Level
a - Sting                 Tmut/Pois      100%       1d8       1%          1
b - Poisonous Vapours     Pois/Air       98%        N/A       2%          2
c - Mephitic Cloud        Conj/Pois/Air  49%        N/A       4%          3
d - Olgreb's Toxic Radia  Pois           49%        N/A       16%         4
e - Summon Small Mammal   Summ           100%       N/A       1%          1
f - Wereblood             Tmut           49%        N/A       2%          2
g - Swiftness             Air            49%        N/A       4%          3
h - Leda's Liquefaction   Hex/Erth       24%        N/A       16%         4
i - Summon Forest         Summ/Tloc      24%        N/A       38%         5
Your spell library was empty.

Dungeon Overview and Level Annotations

Branches:
Dungeon (11/15)            Temple (1/1) D:7            Lair (0/5) D:8
    Orc (0/2) D:9           Sewer (visited)

Altars:
Ashenzari
Cheibriados
Dithmenos
Elyvilon
Fedhas
Gozag
Hepliaklqana
Makhleb
Nemelex Xobeh
Okawaru
Qazlal
Ru
Trog
Uskayaw
Wu Jian
Xom
Yredelemnul
Zin
The Shining One

Shops:
D:4 *

Annotations:
Abyss:1 Eustachio


Innate Abilities, Weirdness & Mutations

You are immune to sickness and miasma.
You are immune to poison.
Your flesh is very heat resistant. (rF++)
You are vulnerable to cold. (rC-)
You float through the air rather than walking.
You learn spells naturally, not from books.
Your magical power is your life essence.
You have superior vitality. (+4 MHP)


Message History

You closely miss the skeletal warrior.
The skeletal warrior is lightly damaged.
The skeletal warrior closely misses you.
You hit the skeletal warrior but do no damage.
Space warps around the skeletal warrior.
The skeletal warrior is lightly damaged.
You block the skeletal warrior's attack.
You hit the skeletal warrior but do no damage.
Space warps around the skeletal warrior.
The skeletal warrior is lightly damaged.
The skeletal warrior hits you with a +0 glaive!!
You hit the skeletal warrior but do no damage.
Space warps horribly around the skeletal warrior.
The skeletal warrior is lightly damaged.
The skeletal warrior hits you with a +0 glaive!
* * * LOW HITPOINT WARNING * * *
Okay, then.
Aiming: Bolt of Light
Press: ? - help, Shift-Dir - straight line, f - skeletal warrior
Aim: a skeletal warrior, wielding a +0 glaive (lightly damaged, covering ground slowly, 71% to hit)
The bolt of light hits the skeletal warrior!
The skeletal warrior is moderately damaged.
The skeletal warrior is blinded.
A skeletal warrior comes into view. It is wielding a +0 halberd.
You block the skeletal warrior's attack.
You catch the helpless skeletal warrior completely off-guard!
You puncture the skeletal warrior!
Space warps around the skeletal warrior!
The skeletal warrior is severely damaged.
You barely miss the skeletal warrior.
The skeletal warrior is severely damaged.
A skeletal warrior comes into view.
It is wielding a +2 halberd of protection.
The skeletal warrior is no longer blind.
The skeletal warrior hits you from afar with a +0 halberd!
* * * LOW HITPOINT WARNING * * *
You block the skeletal warrior's attack.
You block the skeletal warrior's attack.
You block the skeletal warrior's attack.
The skeletal warrior hits you from afar with a +0 glaive!
You die...

*########'###### #.....#####
*#..........)..# #..........
#.............###* * ##.#####..#
#....)..........., ..........#
*#<............################.#
#.................... ,.........
#.............################..
#############.#..zz.z......# ###
#.#@#######....# #.. #...# #.#..#
#.# ###########z...# #.#
#.........# #z# * ** *
*#.######.## #.# , ,, ,, {.., #.#
#.# , ** * * ## #.# #.# #.# #.#
#.# #.#


You could see 3 skeletal warriors.

Vanquished Creatures
  A two-headed ogre (D:11)
  Lodul (D:10)
  A skeletal warrior (D:11)
  Pikel (D:7)
  A hornet (D:10)
  Prince Ribbit (D:9)
  A wyvern (D:9)
  A wraith (D:9)
  A vampire (D:11)
  7 yaks
  Grum (D:10)
  A steam dragon (D:10)
  2 swamp worms (D:10)
  Duvessa (D:4)
  A water moccasin (D:8)
  4 orc warriors (D:9)
  A sky beast (D:7)
  An ice beast (D:7)
  7 ogres
  3 wolves (D:10)
  A centaur (D:10)
  3 lemures (D:6)
  3 kobold brigands
  2 gnoll sergeants
  A bullfrog (D:7)
  5 scorpions
  7 wights
  4 killer bees (D:8)
  Dowan (D:4)
  5 howler monkeys
  2 orc priests
  8 jellies
  5 hounds
  Ijyb (D:3)
  7 iguanas
  11 orc wizards
  10 adders
  2 river rats (Sewer)
  14 gnolls
  A shadow imp (D:6)
  2 white imps
  2 ufetubi
  2 worms (D:2)
  2 dart slugs
  25 orcs
  13 ball pythons
  15 endoplasms
  5 giant cockroaches (Sewer)
  7 goblins
  6 hobgoblins
  12 jackals
  28 kobolds
  4 quokkas
  10 bats
  7 frilled lizards
  13 rats
284 creatures vanquished.

Notes
Turn   | Place    | Note
-------+----------+-------------------------------------------
     0 | D:1      | monsoonserge the Djinni Venom Mage began the quest for the
                  | Orb.
     0 | D:1      | monsoonserge set off with the following spells memorised:
                  | Sting, Poisonous Vapours, Mephitic Cloud, Olgreb's Toxic
                  | Radiance.
     0 | D:1      | Reached XP level 1. HP: 15/15 MP: 0/0
   213 | D:1      | Reached XP level 2. HP: 19/21 MP: 0/0
   504 | D:1      | Reached XP level 3. HP: 13/25 MP: 0/0
   504 | D:1      | Learned a level 1 spell: Summon Small Mammal
  1232 | D:2      | Found a faded altar of an unknown god.
  1432 | D:2      | Reached XP level 4. HP: 29/31 MP: 0/0
  2054 | D:3      | Found an opulent altar of Gozag.
  2160 | D:3      | Reached XP level 5. HP: 33/35 MP: 0/0
  2160 | D:3      | Learned a level 2 spell: Wereblood
  2573 | D:4      | Found a broken altar of Ashenzari.
  2576 | D:4      | Became a worshipper of Ashenzari the Shackled
  2586 | D:4      | Identified the +1 leather armour of Tuecuej {Rampage rPois
                  | Str-3}
  2608 | D:4      | Noticed Duvessa
  2670 | D:4      | Reached skill level 1 in Armour
  2730 | D:4      | Noticed Ijyb
  2791 | D:3      | Killed Ijyb
  2792 | D:3      | Reached skill level 1 in Short Blades
  2935 | D:4      | Reached skill level 1 in Shields
  2935 | D:4      | Reached XP level 6. HP: 38/41 MP: 0/0
  3203 | D:4      | Identified a scroll of acquirement
  3204 | D:4      | Acquired a +3 rapier of distortion
  3356 | D:4      | Found Kaasei's General Store.
  3363 | D:4      | Bought a potion of lignification for 42 gold pieces
  3473 | D:4      | Noticed Dowan
  3510 | D:5      | Entered Level 5 of the Dungeon
  3512 | D:5      | Noticed Eustachio
  3519 | D:4      | Killed Duvessa
  3520 | D:4      | Reached skill level 1 in Fighting
  3543 | D:4      | Killed Dowan
  3544 | D:4      | Reached XP level 7. HP: 15/47 MP: 0/0
  3544 | D:4      | Learned a level 3 spell: Swiftness
  4144 | D:5      | Banished Eustachio
  4148 | D:5      | Reached XP level 8. HP: 38/52 MP: 0/0
  4241 | D:5      | Reached skill level 2 in Short Blades
  4460 | D:5      | Found a hazy altar of Hepliaklqana.
  4465 | D:5      | Found a snail-covered altar of Cheibriados.
  4879 | D:5      | Found a blossoming altar of Fedhas.
  4894 | D:5      | Found an ornate altar of the Wu Jian Council.
  5158 | D:5      | Reached skill level 3 in Short Blades
  5158 | D:5      | Reached * piety under Ashenzari
  5226 | D:6      | Reached skill level 5 in Armour
  5250 | D:6      | Reached XP level 9. HP: 47/57 MP: 0/0
  5250 | D:6      | Learned a level 4 spell: Leda's Liquefaction
  5388 | D:6      | Found a glowing drain.
  5390 | D:6      | Reached skill level 5 in Shields
  5399 | Sewer    | Entered a sewer
  5653 | Sewer    | Found a viscous altar of Jiyva.
  5661 | Sewer    | Reached skill level 5 in Spellcasting
  5843 | D:6      | Reached skill level 4 in Short Blades
  6052 | D:6      | Reached ** piety under Ashenzari
  6572 | D:7      | Noticed Pikel
  6606 | D:7      | Killed Pikel
  6607 | D:7      | Reached skill level 5 in Short Blades
  6837 | D:7      | Reached XP level 10. HP: 55/64 MP: 0/0
  6894 | D:7      | Found a staircase to the Ecumenical Temple.
  6901 | Temple   | Entered the Ecumenical Temple
  7197 | D:7      | Reached skill level 6 in Short Blades
  7212 | D:7      | Reached *** piety under Ashenzari
  7988 | D:8      | Reached skill level 7 in Short Blades
  8106 | D:8      | Found a staircase to the Lair.
  8317 | D:9      | Found a burning altar of Makhleb.
  8564 | D:9      | Noticed Prince Ribbit
  8578 | D:9      | Killed Prince Ribbit
  8608 | D:9      | Found a staircase to the Orcish Mines.
  8703 | D:9      | Reached XP level 11. HP: 48/71 MP: 0/0
  8703 | D:9      | Learned a level 5 spell: Summon Forest
  8847 | D:9      | Acquired 873 gold pieces
  8849 | D:9      | Acquired the ring of Maac {+Blink rN+++ Will+ Str-4 Int+6}
  9078 | D:10     | Entered Level 10 of the Dungeon
  9089 | D:10     | Noticed Lodul
  9112 | D:10     | Noticed Grum
  9124 | D:10     | Reached skill level 8 in Short Blades
  9133 | D:10     | Killed Grum
 10156 | D:10     | Killed Lodul
 10321 | D:11     | Noticed a two-headed ogre
 10330 | D:11     | Killed a two-headed ogre
 10331 | D:11     | Reached skill level 9 in Short Blades
 10622 | D:11     | Noticed a skeletal warrior
 10623 | D:11     | Noticed a skeletal warrior
 10689 | D:11     | Noticed a nameless horror
 10933 | D:11     | Killed a skeletal warrior
 11002 | D:11     | Noticed a skeletal warrior
 11017 | D:11     | Noticed a skeletal warrior
 11019 | D:11     | Noticed a skeletal warrior
 11024 | D:11     | HP: 3/71 [skeletal warrior/+0 halberd (9)]
 11031 | D:11     | Mangled by a skeletal warrior

Illustrated notes

Levels and vault maps discovered:
D:1:      dpeg_arrival_three_same_balls, layout_basic
D:2:      layout_loops_corners, nicolae_ecumenical_lake_church,
          dreamdust_princess_bridge
D:3:      layout_basic, grunt_gozag_statues, kennysheep_cross_bottleneck,
          kennysheep_generic_room_3
D:4:      layout_loops_cross, ashenzari_conservatory_becter, serial_shops, shop,
          uniq_duvessa, uniq_ijyb
D:5:      layout_cave_pools, nicolae_overflow_hidden_temple,
          grunt_decor_clamped, uniq_eustachio
D:6:      wander_river, layout_rooms, cheibrodos_sewer_entry_sluice,
          minmay_fractal_squares_diagonal_5
D:7:      layout_gridville, temple_green, uniq_pikel
D:8:      layout_cave_pods, lair_entry_dummy
D:9:      layout_loops_ring, lightli_temple_of_fire, david_orc_2,
          uniq_prince_ribbit1
D:10:     layout_loops_cross, serial_rivers, chequers_serial_rivers_micro_c,
          chequers_serial_rivers_large_a, chequers_serial_rivers_small_3,
          chequers_serial_rivers_room_a, chequers_serial_rivers_micro_b,
          hangedman_decor_peaks_small, hangedman_abyss_or_decor_passed,
          worms_lemuel, uniq_grum, uniq_lodul
D:11:     layout_basic
Temple:   nicolae_temple_superstar

Skill      XL: |  1  2  3  4  5  6  7  8  9 10 11 |
---------------+----------------------------------+-----
Spellcasting   | 3 4 5 6 |  6.7
Armour         | 2 4 5 6 7 |  7.5
Short Blades   | 1 3 5 7 9 |  9.2
Shields        | 1 2 4 6 7 8 |  8.2
Stealth        | 2 |  2.3
Fighting       | 1 |  1.5
Dodging        | 3 4 |  4.6
Throwing       | |  0.2
Evocations     | |  0.9

Action                     |  1- 3 |  4- 6 |  7- 9 | 10-12 || total
---------------------------+-------+-------+-------+-------++-------
  Melee: Short sword       |    14 |       |       |       ||    14
         Dagger            |    47 |    97 |       |       ||   144
         Rapier            |       |    11 |   310 |   237 ||   558
  Throw: Boomerang         |       |       |     2 |       ||     2
         Dart              |       |       |     1 |       ||     1
   Cast: Sting             |    51 |    23 |    19 |     4 ||    97
         Poisonous Vapours |     2 |     5 |     4 |     2 ||    13
         Mephitic Cloud    |     1 |       |       |     2 ||     3
         Olgreb's Toxic Ra |       |       |       |    14 ||    14
         Leda's Liquefacti |       |       |       |     3 ||     3
 Invoke: Curse Item        |       |       |     3 |     2 ||     5
  Evoke: Wand              |       |       |       |     1 ||     1
    Use: Scroll            |       |     8 |     3 |     4 ||    15
         Potion            |       |       |     2 |       ||     2
   Stab: Sleeping          |     2 |     2 |     2 |     3 ||     9
         Distracted        |       |       |       |     1 ||     1
         Invisible         |       |       |       |     1 ||     1
 Armour: Leather armour    |    31 |    59 |       |       ||    90
         Ring mail         |       |     3 |   210 |    68 ||   281
  Dodge: Dodged            |    42 |    65 |   128 |    68 ||   303
  Block: Kite shield       |       |    24 |   169 |   103 ||   296
